 Dungeon Crawl Stone Soup version 0.31-a0-217-g58bb5d79cf (webtiles) character file.

Game seed: 12395477862920896963

254 qw the Chopper (level 6, -2/39 HPs)
             Began as a Gargoyle Fighter on July 2, 2023.
             Slain by a black bear (5 damage)
             ... on level 4 of the Dungeon.
             The game lasted 00:01:18 (2853 turns).

qw the Chopper (Gargoyle Fighter)                   Turns: 2853, Time: 00:01:18

Health: -2/39      AC: 16    Str: 22    XL:     6   Next: 15%
Magic:  6/6        EV:  9    Int:  8    God:
Gold:   181        SH:  4    Dex:  9    Spells: 5/5 levels left

rFire   . . .        Y - +0 broad axe
rCold   . . .        c - +0 buckler
rNeg    + . .        b - +0 scale mail
rPois   inf          n - +0 helmet
rElec   +            (no cloak)
rCorr   .            i - +2 pair of gloves
SInv    .            g - +0 pair of boots
Will    .....        (no amulet) Stlth
                     (no ring)
HPRegen 0.26/turn    (no ring)
MPRegen 0.10/turn

%: no passive effects
@: no status effects
A: sickness immunity, AC +4, negative energy resistance 1, electricity
resistance, torment resistance 1, petrification resistance
a: no special abilities


You were on level 4 of the Dungeon.
You visited 1 branch of the dungeon, and saw 4 of its levels.

You collected 181 gold pieces.


Innate Abilities, Weirdness & Mutations

You are immune to sickness and miasma.
Your stone body is resilient. (AC +4)
You are immune to poison.
You resist negative energy. (rN+)
You are resistant to electric shocks. (rElec)
You are resistant to unholy torment.
You are immune to petrification.


   Skills:
 - Level 4.3 Fighting
 - Level 5.1 Axes
 - Level 3.2 Armour
 + Level 0.1 Dodging
 - Level 3.2 Shields


You had 5 spell levels left.
You didn't know any spells.
Your spell library was empty.

Inventory:

Hand Weapons
 r - a +0 flail
 Y - a +0 broad axe (weapon)
Armour
 a - a +0 chain mail
 b - a +0 scale mail (worn)
 c - a +0 buckler (worn)
 g - a +0 pair of boots (worn)
 i - a +2 pair of gloves (worn)
 n - a +0 helmet (worn)
Jewellery
 f - a ring of willpower
Scrolls
 h - a scroll of identify
 j - a scroll of enchant weapon {unknown}
Potions
 d - a potion of might
 e - a potion of magic
 k - a potion of haste {unknown}
 m - a potion of mutation {unknown}
 o - a potion of lignification {unknown}

Dungeon Overview and Level Annotations

Branches:
Dungeon (4/15)
 Temple: D:4-7

Altars:
Gozag


Message History

The black bear is severely wounded.
The black bear goes berserk!
You barely miss the black bear.
The black bear is severely wounded.
The black bear bites you but does no damage.
The black bear closely misses you.
The black bear claws you but does no damage.
The black bear barely misses you.
The black bear claws you but does no damage.
The black bear claws you.
You hit the black bear.
The black bear is almost dead.
The black bear bites you but does no damage.
The black bear claws you but does no damage.
The black bear claws you.
The black bear bites you but does no damage.
The black bear claws you but does no damage.
The black bear closely misses you.
You barely miss the black bear.
The black bear is almost dead.
The black bear barely misses you. The black bear claws you.
The black bear claws you but does no damage.
The black bear bites you. The black bear closely misses you.
The black bear claws you but does no damage.
You hit the black bear.
The black bear is almost dead.
The black bear barely misses you. x2; The black bear misses you.
The black bear bites you but does no damage.
The black bear claws you but does no damage. x2
You hit the black bear.
The black bear is almost dead.
The black bear barely misses you. You block the black bear's attack.
The black bear closely misses you. The black bear bites you!
The black bear claws you. x2
You barely miss the black bear.
The black bear is almost dead.
The black bear bites you but does no damage.
The black bear claws you but does no damage.
The black bear claws you. The black bear bites you.
You die...

#.# # #.# #.# #.#
#.# #.# #.# #.#
###.### #.# .....
#.# ... #.# #h# #.#
#@#.#.. #.# #.#.#.#
#.# #.#.#.# #.#
#.#.#.# #.# #.#.#.#
#.# #.#.#.# #.#
#.#.#.# #.#
.#####.#.#.########
#.#
#..................#


You could see a black bear (berserk).

Vanquished Creatures
  A phantom (D:4)
  A scorpion (D:4)
  An orc wizard (D:4)
  An adder (D:3)
  3 worms
  2 dart slugs (D:3)
  9 orcs
  3 ball pythons (D:3)
  4 giant cockroaches
  5 goblins
  A hobgoblin (D:4)
  4 jackals (D:4)
  5 kobolds
  5 quokkas
  2 bats
  2 frilled lizards (D:2)
  21 rats
70 creatures vanquished.

Notes
Turn   | Place    | Note
-------+----------+-------------------------------------------
     0 | D:1      | qw the Gargoyle Fighter began the quest for the Orb.
     0 | D:1      | Reached XP level 1. HP: 14/14 MP: 1/1
     0 | D:1      | 0 ||| qw: Version: 0.3-a-40-ge99b1a8
     0 | D:1      | 0 ||| qw: Game counter: 142
     0 | D:1      | 0 ||| qw: Melee chars always use a shield: true
     0 | D:1      | 0 ||| qw: God list: Okawaru
     0 | D:1      | 0 ||| qw: Allow faded altars: false
     0 | D:1      | 0 ||| qw: Do Orc after clearing Dungeon:15 true
     0 | D:1      | 0 ||| qw: Do second Lair branch before Depths: true
     0 | D:1      | 0 ||| qw: Lair rune preference: random
     0 | D:1      | 0 ||| qw: Goals: Normal, Zot:1-4, Slime:5, God:TSO, Crypt,
                  | Tomb, Abyss, Pan, Hells, Win
     0 | D:1      | 0 ||| PLANNING D:1-11
   143 | D:1      | 143 ||| SWAPPING to +0 broad axe.
   144 | D:1      | 144 ||| DROPPING +0 war axe.
   193 | D:1      | Reached skill level 2 in Axes
   403 | D:1      | 403 ||| Stepping ~*~*~tactically~*~*~ (hiding).
   550 | D:1      | 550 ||| Stepping ~*~*~tactically~*~*~ (hiding).
   551 | D:1      | 551 ||| Stepping ~*~*~tactically~*~*~ (hiding).
   552 | D:1      | 552 ||| Stepping ~*~*~tactically~*~*~ (hiding).
   554 | D:1      | 554 ||| Stepping ~*~*~tactically~*~*~ (hiding).
   581 | D:1      | You fall into a shaft and drop 1 floor!
   582 | D:2      | 582 ||| READING scroll labelled JULIEH QOGGO.
   583 | D:2      | 583 ||| READING scroll labelled TOENKI QYNKOHA.
   627 | D:1      | Reached XP level 2. HP: 19/19 MP: 2/2
   956 | D:1      | 956 ||| READING scroll labelled QIAPLO EMEI.
   957 | D:1      | 957 ||| READING scroll labelled GUIBRE ZOLITHRO.
  1251 | D:2      | 1251 ||| Stepping ~*~*~tactically~*~*~ (stealth).
  1394 | D:2      | Reached skill level 3 in Axes
  1394 | D:2      | Reached XP level 3. HP: 22/23 MP: 3/3
  1769 | D:2      | 1769 ||| UPGRADING to +0 pair of boots.
  1774 | D:2      | 1774 ||| UPGRADING to +2 pair of gloves.
  1779 | D:2      | 1779 ||| READING scroll labelled REOBOL NODA.
  1873 | D:3      | 1873 ||| DROPPING +0 club.
  1881 | D:3      | Found an opulent altar of Gozag.
  1921 | D:3      | Reached XP level 4. HP: 28/28 MP: 4/4
  1930 | D:3      | 1930 ||| Stepping ~*~*~tactically~*~*~ (stealth).
  2105 | D:3      | 2105 ||| Stepping ~*~*~tactically~*~*~ (hiding).
  2107 | D:3      | 2107 ||| Stepping ~*~*~tactically~*~*~ (hiding).
  2177 | D:3      | Reached skill level 4 in Axes
  2177 | D:3      | 2177 ||| DROPPING +0 mace.
  2455 | D:3      | 2455 ||| UPGRADING to +0 helmet.
  2460 | D:3      | 2460 ||| DROPPING ring of magical power.
  2461 | D:3      | 2461 ||| READING scroll labelled ZUGIOD YGRU.
  2479 | D:3      | 2479 ||| READING 2 scrolls labelled XUFERCH SOFY.
  2480 | D:3      | 2480 ||| READING scroll labelled VOSOQOIRRI.
  2481 | D:3      | 2481 ||| READING 2 scrolls labelled HENIM KINAVY.
  2484 | D:3      | 2484 ||| DRINKING 2 murky white potions.
  2485 | D:3      | 2485 ||| DRINKING 2 green potions.
  2486 | D:3      | 2486 ||| READING 2 scrolls of identify.
  2486 | D:3      | 2486 ||| IDENTIFYING fizzy green potion
  2487 | D:3      | 2487 ||| DROPPING scroll of immolation.
  2488 | D:3      | 2488 ||| DROPPING potion of brilliance.
  2498 | D:4      | Noticed a scorpion
  2533 | D:4      | Noticed a phantom
  2550 | D:4      | Killed a phantom
  2551 | D:4      | Reached XP level 5. HP: 30/32 MP: 5/5
  2632 | D:4      | 2632 ||| Stepping ~*~*~tactically~*~*~ (stealth).
  2639 | D:4      | 2639 ||| Stepping ~*~*~tactically~*~*~ (hiding).
  2643 | D:4      | Reached skill level 5 in Axes
  2654 | D:4      | HP: 8/32 [orc priest/divine providence (11)]
  2655 | D:4      | 2655 ||| READING scroll of teleportation.
  2655 | D:4      | HP: 3/32 [orc priest/nerve-wracking pain (5)]
  2656 | D:4      | 2656 ||| DRINKING potion of heal wounds.
  2707 | D:4      | Reached XP level 6. HP: 34/39 MP: 6/6
  2836 | D:4      | Noticed a black bear
  2852 | D:4      | HP: 8/39 [black bear (5)]
  2853 | D:4      | HP: 3/39 [black bear (4)]
  2853 | D:4      | Slain by a black bear

Levels and vault maps discovered:
D:1:      dpeg_arrival_rooms_a, layout_loops_ring, roderic_lattice_a,
          minivault_26, st_stairs_13
D:2:      cheibrodos_helix_gallery, layout_basic, minmay_rat_hole
D:3:      layout_loops_cross, mainiacjoe_overflow_boulevard
D:4:      layout_loops_ring

Skill      XL: |  1  2  3  4  5 |
---------------+----------------+-----
Axes           | 2 3 4 5 |  5.1
Fighting       | 4 |  4.3
Armour         | |  3.2
Dodging        | |  0.1
Shields        | |  3.2

Action                     |  1- 3 |  4- 6 || total
---------------------------+-------+-------++-------
  Melee: Broad axe         |   108 |    99 ||   207
    Use: Scroll            |     5 |     6 ||    11
         Potion            |       |     3 ||     3
 Armour: Scale mail        |    51 |    69 ||   120
  Dodge: Dodged            |    41 |    67 ||   108
  Block: Buckler           |    18 |    20 ||    38

Table legend:
 A = Non-vault XP
 B = Vault XP
 C = Vault XP percentage of total XP
 D = Non-vault monster count
 E = Vault monster count
 F = Vault count percentage of total count
                 A         B        C        D         E       F
            +---------+---------+-------+---------+---------+-------
      Total |     339 |      25 |   6.9 |      48 |      22 |  31.4
            +---------+---------+-------+---------+---------+-------
        D:1 |      12 |       1 |   7.7 |       7 |       1 |  12.5
        D:2 |      17 |      24 |  58.5 |       7 |      21 |  75.0
        D:3 |      54 |       0 |   0.0 |      18 |       0 |   0.0
        D:4 |     256 |       0 |   0.0 |      16 |       0 |   0.0
            +---------+---------+-------+---------+---------+-------
